 Dungeon Crawl Stone Soup version 0.31.0-11-ge490571c62 (webtiles) character file.

Game seed: 15200380774135019440

196 hikkokomori the Shield-Bearer (level 6, -5/49 HPs)
             Began as a Formicid Fighter on Feb 1, 2024.
             Slain by Eustachio
             ... wielding a +0 rapier
              (9 damage)
             ... on level 4 of the Dungeon.
             The game lasted 00:03:17 (2137 turns).

hikkokomori the Shield-Bearer (Formicid Fighter)    Turns: 2137, Time: 00:03:19

Health: -5/49      AC:  8    Str: 23    XL:     6   Next: 4%
Magic:  6/6        EV:  8    Int:  7    God:
Gold:   165        SH:  9    Dex: 13    Spells: 5/5 levels left

rFire   . . .        a - +0 war axe
rCold   . . .        k - +0 kite shield
rNeg    . . .        b - +0 scale mail
rPois   .            (helmet unavailable)
rElec   .            (no cloak)
rCorr   .            l - +0 pair of gloves
SInv    +            (no boots)
Will    .....        j - amulet of the acrobat Stlth
                     m - ring of wizardry
HPRegen 0.28/turn    (no ring)
MPRegen 0.10/turn

%: acrobat, wizardry (x1)
@: no status effects
A: permanent stasis, dig shafts and tunnels, antennae 3, four strong arms
a: Dig, Shaft Self


You were on level 4 of the Dungeon.
You visited 1 branch of the dungeon, and saw 6 of its levels.

You collected 165 gold pieces.

Inventory:

Hand Weapons
 a - a +0 war axe (weapon)
Armour
 b - a +0 scale mail (worn)
 c - a +0 buckler
 k - a +0 kite shield (worn)
 l - a +0 pair of gloves (worn)
Jewellery
 j - an amulet of the acrobat (around neck)
 m - a ring of wizardry (left hand)
Scrolls
 f - a scroll of fog {unknown}
 g - a scroll of blinking
 o - a scroll of noise {unknown}
Potions
 d - a potion of might
 e - 2 potions of heal wounds
 i - a potion of resistance
 n - 2 potions of degeneration
 p - a potion of mutation
 q - a potion of lignification


   Skills:
 + Level 4.4 Fighting
 + Level 3.3 Axes
 + Level 4.4 Armour
 + Level 5.3 Shields


You had 5 spell levels left.
You didn't know any spells.
Your spell library contained the following spells:

 Spells                   Type           Power      Damage    Failure   Level
 Summon Forest            Summ/Tloc      0%         N/A       100%        5
 Summon Mana Viper        Hex/Summ       0%         N/A       100%        5
 Summon Cactus Giant      Summ           0%         N/A       100%        6


Dungeon Overview and Level Annotations

Branches:
Dungeon (6/15)
 Temple: D:4-7

Altars:

Annotations:
D:3 1 runed translucent door, EvilDarkOverLord's ghost, amateur DgCj
D:4 Eustachio


Innate Abilities, Weirdness & Mutations

You cannot be hasted, slowed, berserked, paralysed or teleported.
You can dig through walls and to a lower floor.
You have a pair of large antennae on your head. (SInv)
Your four strong arms can wield two-handed weapons with a shield.


Message History

Eustachio is severely wounded.
Eustachio hits you with a +0 rapier. You block Eustachio's attack.
You slash Eustachio!
Eustachio is almost dead.
Eustachio casts a spell.
You barely miss Eustachio.
Eustachio is almost dead.
You hit the crimson imp. You barely miss the white imp.
You hit the shadow imp but do no damage.
Eustachio barely misses you. The crimson imp completely misses you.
The white imp hits you. The white imp freezes you.
The shadow imp gestures at you. Pain shoots through your body!
Eustachio hits you with a +0 rapier.
Unknown command.
You barely miss Eustachio.
Eustachio is almost dead.
You hit the white imp. You hit the shadow imp. You miss the crimson imp.
The white imp hits you. The white imp freezes you.
The crimson imp hits you but does no damage.
You block the shadow imp's attack.
Eustachio casts a spell.
You hit Eustachio but do no damage.
Eustachio is almost dead.
You hit the shadow imp. You barely miss the crimson imp.
You closely miss the bat. You hit the white imp but do no damage.
You block the bat's attack. The bat hits you but does no damage.
The white imp completely misses you.
The crimson imp hits you but does no damage.
The shadow imp gestures at you. Pain shoots through your body!
* * * LOW HITPOINT WARNING * * *
Eustachio hits you with a +0 rapier.
* * * LOW HITPOINT WARNING * * *
The white imp gestures at you. The puff of frost hits you!
* * * LOW HITPOINT WARNING * * *
The shadow imp hits you but does no damage.
The crimson imp barely misses you. Eustachio hits you with a +0 rapier!
You die...
Eustachio says, "Such is the fate of all honourless rascals."

#...# #...#
#...# #
#...# +.
#...#
.#.###...#
......5.5+
#.#@@.#
#.#.b5# .#
#...### .#
#.#.# >#
...#.# .#{
### #.###
.# # #...#
.#.#
#.#.#+#...#
#......#


You could see Eustachio, a crimson imp (summoned), a white imp (summoned), a
shadow imp (summoned) and a bat (summoned).

Vanquished Creatures
  An orc priest (D:3)
  An iguana (D:5)
  7 adders
  A ribbon worm (D:3)
  3 dart slugs
  3 orcs (D:3)
  11 ball pythons
  3 bats
  4 endoplasms
  2 giant cockroaches
  2 goblins
  7 hobgoblins
  11 kobolds
  4 quokkas
  4 frilled lizards
  4 rats
68 creatures vanquished.

Notes
Turn   | Place    | Note
-------+----------+-------------------------------------------
     0 | D:1      | hikkokomori the Formicid Fighter began the quest for the
                  | Orb.
     0 | D:1      | Reached XP level 1. HP: 18/18 MP: 1/1
   129 | D:1      | Reached XP level 2. HP: 24/24 MP: 2/2
   363 | D:1      | Found a faded altar of an unknown god.
   373 | D:1      | Reached XP level 3. HP: 29/29 MP: 3/3
   899 | D:2      | Reached XP level 4. HP: 37/37 MP: 4/4
  1382 | D:3      | Reached skill level 5 in Shields
  1382 | D:3      | Reached XP level 5. HP: 24/42 MP: 5/5
  1566 | D:3      | Found a runed translucent door.
  1570 | D:3      | Noticed EvilDarkOverLord's ghost (amateur DgCj)
  1671 | D:3      | Found a runed translucent door.
  1867 | D:3      | You fall into a shaft and drop 3 floors!
  1881 | D:5      | Entered Level 5 of the Dungeon
  1888 | D:5      | Reached XP level 6. HP: 40/49 MP: 6/6
  2110 | D:4      | Noticed Eustachio
  2137 | D:4      | Slain by Eustachio

Illustrated notes

Levels and vault maps discovered:
D:1:      minmay_arrival_loop, layout_rooms, hellmonk_ecumenical_altar_zigzags
D:2:      layout_basic
D:3:      layout_rooms, ebering_ghost_sewer_f
D:4:      layout_basic, uniq_duvessa, uniq_eustachio
D:5:      layout_rooms, chequers_temple_overflow_statue_of_worship,
          kennysheep_generic_room_15, uniq_edmund, uniq_blork_the_orc
D:6:      layout_gridville, grunt_temple_overflow_open, nicolae_benzene_ring,
          uniq_crazy_yiuf_cottage

Skill      XL: |  1  2  3  4 |
---------------+-------------+-----
Fighting       | 4 |  4.4
Armour         | 4 |  4.4
Axes           | 3 |  3.3
Shields        | 5 |  5.3

Action                     |  1- 3 |  4- 6 || total
---------------------------+-------+-------++-------
  Melee: War axe           |    68 |   106 ||   174
    Use: Scroll            |       |     6 ||     6
 Armour: Scale mail        |    57 |    65 ||   122
  Dodge: Dodged            |    29 |    52 ||    81
  Block: Buckler           |    17 |       ||    17
         Kite shield       |    19 |    57 ||    76
